 Dungeon Crawl Stone Soup version 0.23-b1-75-g379dba2534 (webtiles) character file.

Game seed: 3284869721866486770

95 McKennaii the Skirmisher (level 4, -3/35 HPs)
             Began as a Demonspawn Fighter on Feb 7, 2019.
             Slain by Natasha (5 damage)
             ... on level 2 of the Dungeon.
             The game lasted 00:01:44 (1269 turns).

McKennaii the Skirmisher (Demonspawn Fighter)       Turns: 1269, Time: 00:01:45

Health: -3/35      AC:  6    Str: 18    XL:     4   Next: 39%
Magic:  4/4        EV:  7    Int:  9    God:
Gold:   27         SH:  9    Dex: 12    Spells: 3/3 levels left

rFire    . . .     SeeInvis .   a - +0 long sword
rCold    . . .     Gourm    .   c - +0 shield
rNeg     . . .     Faith    .   b - +0 scale mail
rPois    .         Spirit   .   (helmet restricted)
rElec    .         Reflect  .   (no cloak)
rCorr    .         Harm     .   (no gloves)
MR       .....                  (no boots)
Stlth    ..........             (no amulet)
HPRegen  0.11/turn              (no ring)
MPRegen  0.09/turn              (no ring)

@: no status effects
A: horns 1, rot immunity
a: no special abilities


You were on level 2 of the Dungeon.
You were not hungry.

You visited 1 branch of the dungeon, and saw 2 of its levels.

You collected 27 gold pieces.

Inventory:

Hand Weapons
 a - a +0 long sword (weapon)
Armour
 b - a +0 scale mail (worn)
 c - a +0 shield (worn)
Jewellery
 i - an uncursed ring of fire
Scrolls
 e - a scroll of enchant armour {unknown}
 g - 2 scrolls of identify {unknown}
 j - 4 scrolls of remove curse {unknown}
 l - a scroll of blinking {unknown}
 m - a scroll of magic mapping {unknown}
Potions
 d - a potion of might
 n - a potion of brilliance {unknown}
Comestibles
 f - 3 rations


   Skills:
 + Level 3.4 Fighting
 + Level 3.1 Long Blades
 + Level 3.1 Armour
 + Level 0.6 Dodging
 + Level 3.1 Shields


You had 3 spell levels left.
You didn't know any spells.
Your spell library was empty.

Dungeon Overview and Level Annotations

Branches:
Dungeon (2/15)

Altars:
Elyvilon
Okawaru
Qazlal
Wu Jian

Annotations:
D:2 Natasha


Innate Abilities, Weirdness & Mutations

You have a pair of small horns on your head.
You are immune to rotting.


Message History

Natasha claws you.
* * * LOW HITPOINT WARNING * * *
The hobgoblin barely misses you. Natasha claws you but does no damage.
Unknown command.
It was a potion of curing.
You feel better. You block the hobgoblin's attack. Natasha claws you.
* * * LOW HITPOINT WARNING * * *
You hit Natasha.
Natasha is severely wounded.
The hobgoblin closely misses you. Natasha claws you but does no damage.
Unknown command.
You closely miss Natasha. Your headbutt misses Natasha.
Natasha is severely wounded.
The hobgoblin hits you but does no damage.
Natasha claws you.
* * * LOW HITPOINT WARNING * * *
The hobgoblin hits you but does no damage.
Unknown command.
It was a potion of cancellation.
You feel magically purged. Natasha claws you.
You die...

..........[..)..(..............#.
..#...##...._....#..#..........##
...........................>.....
..#...##.#.#####.#.#.######...###
..######.#.#####.#.#..........###
### #.#.......#.#...####......
#.#######.#.#...#.......##
########.#.....###.#...#.......##
.........#.....h@..#.#.##........
##########.....g###....#......##.
........###..#..#........
.#........#.......#.##.##
##.#.#.#.#..##.#.#...... #
#.#.#†#.###.#.#.##.## #.#.#.#..
..#.#.. # # #.#.#####.#[# #
#.#<....#.#.#


You could see Natasha and a hobgoblin.

Vanquished Creatures
  Natasha (D:2)
  3 adders (D:2)
  A dart slug (D:1)
  3 ball pythons (D:1)
  A bat (D:1)
  3 giant cockroaches
  2 hobgoblins (D:1)
  4 jackals (D:2)
  2 frilled lizards (D:1)
  7 goblins
  6 kobolds
  6 rats
39 creatures vanquished.

Notes
Turn   | Place    | Note
-------+----------+-------------------------------------------
     0 | D:1      | McKennaii the Demonspawn Fighter began the quest for the
                  | Orb.
     0 | D:1      | Reached XP level 1. HP: 18/18 MP: 1/1
   101 | D:1      | Gained mutation: You are immune to rotting. [demonic
                  | ancestry]
   101 | D:1      | Reached XP level 2. HP: 20/24 MP: 2/2
   708 | D:2      | Gained mutation: You have a pair of small horns on your
                  | head. [demonic ancestry]
   708 | D:2      | Reached XP level 3. HP: 26/29 MP: 3/3
   862 | D:2      | Found an ornate altar of the Wu Jian Council.
   863 | D:2      | Found a white marble altar of Elyvilon.
   863 | D:2      | Found a stormy altar of Qazlal.
   864 | D:2      | Found an iron altar of Okawaru.
   989 | D:2      | Noticed Natasha
   992 | D:2      | Killed Natasha
   992 | D:2      | Reached XP level 4. HP: 35/35 MP: 4/4
  1254 | D:2      | Noticed Natasha
  1269 | D:2      | Slain by Natasha

Skill      XL: |  1  2  3 |
---------------+----------+-----
Long Blades    | 2 3 |  3.1
Armour         | 3 |  3.1
Shields        | 3 |  3.1
Fighting       | |  3.4
Dodging        | |  0.6

Action                   |  1- 3 |  4- 6 || total
-------------------------+-------+-------++-------
Melee: Long sword        |   109 |    20 ||   129
       Headbutt          |     3 |     3 ||     6
  Use: Potion            |       |     2 ||     2
  Eat: Chunk             |       |     1 ||     1
Armor: Scale mail        |    50 |    13 ||    63
Dodge: Dodged            |    23 |     8 ||    31
Block: Shield            |    64 |    11 ||    75
       Rpst.: Long sword |     5 |     1 ||     6
